 Dungeon Crawl Stone Soup version 0.31.0 (webtiles) character file.

Game seed: 2606901254010296300

5 gelatine the Gusty (level 1, -1/14 HPs)
             Began as a Demigod Air Elementalist on Jan 20, 2024.
             Slain by a quokka (3 damage)
             ... on level 1 of the Dungeon.
             The game lasted 00:01:05 (214 turns).

gelatine the Gusty (Demigod Air Elementalist)        Turns: 214, Time: 00:01:06

Health: -1/14      AC:  2    Str:  9    XL:     1   Next: 53%
Magic:  0/5        EV: 12    Int: 17    God:
Gold:   2          SH:  0    Dex: 14    Spells: 2/3 levels left

rFire   . . .        (no weapon)
rCold   . . .        (no shield)
rNeg    . . .        a - +0 robe
rPois   .            (no helmet)
rElec   .            (no cloak)
rCorr   .            (no gloves)
SInv    .            (no boots)
Will    .....        (no amulet)
Stlth   ++           (no ring)
HPRegen 0.22/turn    (no ring)
MPRegen 0.09/turn

%: no passive effects
@: no status effects
A: high MP 1, forlorn, divine attributes
a: no special abilities


You were on level 1 of the Dungeon.
You visited 1 branch of the dungeon, and saw 1 of its levels.

You collected 2 gold pieces.

Inventory:

Armour
 a - a +0 robe (worn)
Potions
 b - a potion of magic


   Skills:
 * Level 0.1 Armour
 * Level 1.9 Dodging
 + Level 1.7 Stealth
 * Level 1.7 Spellcasting
 * Level 1.1 Conjurations
 * Level 2.8 Air Magic


You had 2 spell levels left.
You knew the following spells:

 Your Spells              Type           Power      Damage    Failure   Level
a - Shock                 Conj/Air       32%        1d5       9%          1

Your spell library contained the following spells:

 Spells                   Type           Power      Damage    Failure   Level
 Static Discharge         Conj/Air       16%        3-4/arc   14%         2
 Swiftness                Air            11%        N/A       19%         3
 Airstrike                Air            5%         2d(1-17)  52%         4


Dungeon Overview and Level Annotations

Branches:
Dungeon (1/15)


Innate Abilities, Weirdness & Mutations

You have an increased reservoir of magic. (+10% MP)
You shall have no god before yourself.
Your divine heritage dramatically boosts your attributes as you level up.


Message History

The zap hits the quokka but does no damage.
The zap misses the hobgoblin.
The zap misses the quokka.
The zap hits the hobgoblin.
The hobgoblin is heavily wounded.
The quokka bites you. The quokka attacks as it pursues you!
The quokka bites you. The quokka barely misses you.
The quokka attacks as it pursues you! The quokka barely misses you.
The quokka barely misses you.
Things that are here:
a +0 club; a goblin corpse The quokka attacks as it pursues you!
The quokka bites you but does no damage.
The quokka attacks as it pursues you! The quokka bites you.
The quokka barely misses you. The quokka attacks as it pursues you!
The quokka bites you.
* * * LOW HITPOINT WARNING * * *
The quokka attacks as it pursues you!
The quokka bites you but does no damage.
The quokka attacks as it pursues you!
The quokka bites you but does no damage.
Casting: Shock (safe; 9% risk of failure)
Confirm with . or Enter, or press ? or * to list all spells.
Aiming: Shock (safe; 9% risk of failure)
Press: ? - help, Shift-Dir - straight line, f/p - quokka
Aim: a quokka (56% to hit)
The zap misses the quokka.
The quokka twitches its whiskers.
The quokka bites you.
* * * LOW HITPOINT WARNING * * *
Casting: Shock (safe; 9% risk of failure)
Confirm with . or Enter, or press ? or * to list all spells.
Aiming: Shock (safe; 9% risk of failure)
Press: ? - help, Shift-Dir - straight line, f/p - quokka
Aim: a quokka (56% to hit)
The zap misses the quokka.
The zap misses the hobgoblin.
The zap hits the hobgoblin.
The hobgoblin is almost dead.
The quokka closely misses you. The quokka bites you.
You die...

#####
###########...
#8≈≈§§§§≈8#..
#.....§...#.#..
#.........#.#..
#....8....'.#.#
#<...8....§.#.#
#....(....#@#.#
#.........#r#.#
#8§≈≈≈≈≈≈8#g..#
###########...##
#...g......##.#
#.#.##.##.....#
#.#.##.....##.#
#.#.....#.## #
#g##...##.#


You could see a quokka and a hobgoblin.

Vanquished Creatures
  A goblin (D:1)
  A hobgoblin (D:1)
  A kobold (D:1)
  A ball python (D:1)
  A rat (D:1)
5 creatures vanquished.

Notes
Turn   | Place    | Note
-------+----------+-------------------------------------------
     0 | D:1      | gelatine the Demigod Air Elementalist began the quest for
                  | the Orb.
     0 | D:1      | Reached XP level 1. HP: 14/14 MP: 5/5
   126 | D:1      | Reached skill level 1 in Conjurations
   214 | D:1      | Slain by a quokka

Illustrated notes

Levels and vault maps discovered:
D:1:      lightli_arrival_noodles, layout_basic, serial_shops,
          nicolae_shop_gibbet_a_chance

Skill      XL: |  1 |
---------------+----+-----
Conjurations   | 1 |  1.1
Armour         | |  0.1
Dodging        | |  1.9
Stealth        | |  1.7
Spellcasting   | |  1.7
Air Magic      | |  2.8

Action                     || total
---------------------------++-------
  Melee: Unarmed           ||    14
   Cast: Shock             ||    19
 Armour: Robe              ||    16
  Dodge: Dodged            ||    12
